 Dungeon Crawl Stone Soup version 0.31-a0-1300-gb6740aa4e6 (webtiles) character file.

Game seed: 6448653097628192937

41 grandjackal the Slasher (level 3, -2/31 HPs)
             Began as a Draconian Gladiator on Dec 18, 2023.
             Succumbed to Jessica's poison
             ... on level 1 of the Dungeon.
             The game lasted 00:01:15 (559 turns).

grandjackal the Slasher (Draconian Gladiator)        Turns: 559, Time: 00:01:15

Health: -2/31      AC:  5    Str: 16    XL:     3   Next: 32%
Magic:  3/3        EV: 13    Int:  8    God:
Gold:   62         SH:  5    Dex: 14    Spells: 2/2 levels left

rFire   . . .        a - +0 long sword
rCold   . . .        (no shield)
rNeg    . . .        (body armour unavailable)
rPois   .            b - +0 hat
rElec   .            (no cloak)
rCorr   .            (no gloves)
SInv    .            (no boots)
Will    .....        e - amulet of reflection
Stlth   +            (no ring)
HPRegen 0.25/turn    (no ring)
MPRegen 0.08/turn

%: reflection
@: lethally poisoned (-2 -> -17), attractive
A: AC +5, unfitting armour, cold-blooded
a: no special abilities


You were on level 1 of the Dungeon.
You visited 1 branch of the dungeon, and saw 2 of its levels.

You collected 62 gold pieces.

Inventory:

Hand Weapons
 a - a +0 long sword (weapon)
Missiles
 c - 3 throwing nets (quivered)
 d - a javelin
Armour
 b - a +0 hat (worn)
Jewellery
 e - an amulet of reflection (around neck)
Scrolls
 f - a scroll of immolation {unknown}
 h - a scroll of blinking {unknown}


   Skills:
 + Level 3.0 Fighting
 + Level 3.4 Long Blades
 - Level 2.0 Throwing
 + Level 3.1 Dodging


You had 2 spell levels left.
You didn't know any spells.
Your spell library contained the following spells:

 Spells                   Type           Power      Damage    Failure   Level
 Brom's Barrelling Bould  Conj/Erth      0%         2d3       99%         4
 Fireball                 Conj/Fire      0%         3d3       100%        5
 Iskenderun's Battlesphe  Conj           0%         2d6       100%        5
 Conjure Ball Lightning   Conj/Air       0%         3x3d6     100%        6
 Orb of Destruction       Conj           0%         9d5       100%        7


Dungeon Overview and Level Annotations

Branches:
Dungeon (2/15)

Altars:

Annotations:
D:1 Jessica


Innate Abilities, Weirdness & Mutations

Your plain brown scales are hard. (AC +5)
You cannot fit into any form of body armour.
You are cold-blooded and may be slowed by cold attacks.


Message History

Done exploring.
There is a stone staircase leading down here.
You climb downwards.
The adder hisses angrily.
Found 11 gold pieces and 6 poisoned darts.
There is a stone staircase leading up here.
There are monsters nearby!
A giant cockroach comes into view.
Jessica closely misses you.
You climb upwards.
There is a stone staircase leading down here.
You hit Jessica but do no damage.
Jessica casts a spell.
Jessica blinks!
Jessica misses you.
You barely miss Jessica. You tail-slap Jessica.
Jessica is moderately wounded.
Jessica hits you with a +1 dagger of venom.
You are poisoned.
You barely miss Jessica.
Jessica is moderately wounded.
You feel very sick.
Jessica hits you with a +1 dagger of venom.
You are lethally poisoned!
You barely miss Jessica.
Jessica is moderately wounded.
You feel extremely sick. Jessica gestures at you while chanting.
Pain shoots through your body!
* * * LOW HITPOINT WARNING * * *
You are too injured to fight recklessly!
You are too injured to fight recklessly!
It was a potion of attraction.
You feel attractive to monsters.
* * * LOW HITPOINT WARNING * * *
You feel very sick. Jessica misses you.
You hit Jessica.
Jessica is almost dead.
You die...

## ####.#...#...#...#
#.#...........# ###
#.#...........# ..###
#.#...........#
#...#####.#...........#
###>......#.....<.....#
#######.#...........#
#.#############
#......>@@# #.........#
#.........# ###########


You could see Jessica.

Vanquished Creatures
  2 dart slugs (D:1)
  3 bats (D:1)
  An endoplasm (D:1)
  2 giant cockroaches (D:1)
  3 goblins (D:1)
  4 hobgoblins (D:1)
  4 jackals (D:1)
  A quokka (D:1)
  5 ball pythons (D:1)
  2 frilled lizards (D:1)
  4 kobolds (D:1)
  4 rats (D:1)
35 creatures vanquished.

Notes
Turn   | Place    | Note
-------+----------+-------------------------------------------
     0 | D:1      | grandjackal the Draconian Gladiator began the quest for the
                  | Orb.
     0 | D:1      | Reached XP level 1. HP: 17/17 MP: 1/1
   103 | D:1      | Reached XP level 2. HP: 23/25 MP: 2/2
   250 | D:1      | Found a faded altar of an unknown god.
   262 | D:1      | Reached XP level 3. HP: 30/30 MP: 3/3
   547 | D:2      | Noticed Jessica
   558 | D:1      | HP: 1/31 [poisoned by Jessica]
   559 | D:1      | Succumbed to Jessica's poison

Illustrated notes

Levels and vault maps discovered:
D:1:      lightli_arrival_quake, layout_rooms, basic_ecumenical_altar
D:2:      layout_rooms, serial_shops, nicolae_shop_industrial_runoff,
          minmay_bisected, uniq_jessica

Skill      XL: |  1  2  3 |
---------------+----------+-----
Throwing       | 2 |  2.0
Dodging        | 3 |  3.1
Fighting       | 3 |  3.0
Long Blades    | |  3.4

Action                     || total
---------------------------++-------
  Melee: Long sword        ||    71
         Tailslap          ||     5
         Punch             ||     1
    Use: Potion            ||     1
   Stab: Sleeping          ||     1
 Armour: Skin              ||    27
  Dodge: Dodged            ||    46
  Block: Other             ||    25

Table legend: (Time is in decaauts)
 A = Elapsed time spent in this place.
 B = Non-inter-level travel time spent in this place.
 C = Inter-level travel time spent in this place.
 D = Time resting spent in this place.
 E = Time spent auto-exploring this place.
 F = Levels seen in this place.
 G = Mean time per level.
                   A        B        C        D        E       F      G
               +--------+--------+--------+--------+--------+-----+--------+
         Total |    575 |    570 |      5 |      0 |    376 |   2 |  287.5 |
       Dungeon |    575 |    570 |      5 |      0 |    376 |   2 |  287.5 |
               +--------+--------+--------+--------+--------+-----+--------+

Top non-repeatable levels by time:
     D:1: 571 daAuts
     D:2: 4 daAuts
